 Dungeon Crawl Stone Soup version 0.30-a0-757-ga6a79fd877 (webtiles) character file.

Game seed: 14711713817606061961

166203 cforsyth the Spry (level 17, -11/118 HPs)
             Began as a Tengu Summoner on Feb 9, 2023.
             Was an Initiate of Gozag.
             Killed by the raging water
             ... invoked by a water nymph
              (29 damage)
             ... on level 1 of the Shoals.
             The game lasted 02:09:44 (48626 turns).

cforsyth the Spry (Tengu Summoner)                 Turns: 48626, Time: 02:09:44

Health: -11/118    AC: 11    Str: 10    XL:     17   Next: 89%
Magic:  41/41      EV: 23    Int: 31    God:    Gozag
Gold:   2003       SH:  8    Dex: 11    Spells: 12/37 levels left

rFire   + . .      SeeInvis +    I - +4 trident of the Bursting Pariah {freeze, Drain Fly Int+8 Dex-3}
rCold   . . .      Faith    .    X - +2 buckler {rPois}
rNeg    . . .      Spirit   .    M - +2 robe {Will+}
rPois   +          Reflect  .    b - +3 hat of Jigsaw {rF+ MP+9}
rElec   +          Harm     .    y - +0 cloak
rCorr   .          Rampage  .    J - +2 pair of gloves
Will    +++..                    (boots unavailable)
Stlth   ++                       (no amulet)
HPRegen 0.39/turn                H - ring of willpower
MPRegen 0.27/turn                E - ring of the Shining Light {rElec rPois Slay+2 SInv}

@: flying quickly and evasively, quick
A: beak, talons 3, nimble flight
a: Renounce Religion, Potion Petition, Call Merchant, Bribe Branch


You were on level 1 of the Shoals.
You worshipped Gozag.
Gozag was most pleased with you.
You visited 6 branches of the dungeon, and saw 27 of its levels.
You also visited: Gauntlet.

You collected 10242 gold pieces.
You spent 997 gold pieces at shops.
You paid 7242 gold pieces to Gozag.

Inventory:

Hand Weapons
 I - the +4 trident of the Bursting Pariah (weapon) {freeze, Drain Fly Int+8 Dex-3}
   (You found it on level 8 of the Dungeon)

   Int:       It affects your intelligence (+8).
   Dex:       It affects your dexterity (-3).
   Fly:       It grants you flight.
   Drain:     It drains your maximum health when unequipped.
 O - the +7 battleaxe of Mutilation {speed, rPois Str+2 Stlth+}
   (You found it on level 12 of the Dungeon)

   Str:       It affects your strength (+2).
   rPois:     It protects you from poison.
   Stlth:     It makes you more stealthy.
 S - the +6 arbalest of Jogor {freeze, rElec Str+2}
   (You found it on level 5 of the Lair of Beasts)

   Str:       It affects your strength (+2).
   rElec:     It insulates you from electricity.
Armour
 b - the +3 hat of Jigsaw (worn) {rF+ MP+9}
   (You acquired it in a Gauntlet)

   rF:        It protects you from fire.
   MP:        It affects your magic capacity (+9).
 y - a +0 cloak (worn)
 J - a +2 pair of gloves (worn)
 K - the +14 chain mail "Taixt" {rC++ Str+8 Dex-2 Stlth-}
   (You found it on level 2 of the Snake Pit)

   Str:       It affects your strength (+8).
   Dex:       It affects your dexterity (-2).
   rC:        It greatly protects you from cold.
   Stlth:     It makes you less stealthy.
 M - a +2 robe of willpower (worn)
 Q - a +2 hat of willpower
 W - a +2 kite shield
 X - a +2 buckler of poison resistance (worn)
Jewellery
 r - the ring "Pigosh" {Fire Contam rElec Will+}
   (You found it on level 7 of the Dungeon)

   [ring of fire]

   It enhances your fire magic.
   rF:        It protects you from fire.
   rC:        It makes you vulnerable to cold.
   rElec:     It insulates you from electricity.
   Contam:    It causes magical contamination when unequipped.
   Will:      It increases your willpower.
 C - a ring of ice
 E - the ring of the Shining Light (right hand) {rElec rPois Slay+2 SInv}
   (You acquired it on level 13 of the Dungeon)

   [ring of see invisible]

   Slay:      It affects your accuracy & damage with ranged weapons and melee
   (+2).
   rElec:     It insulates you from electricity.
   rPois:     It protects you from poison.
   SInv:      It lets you see invisible.
 H - a ring of willpower (left hand)
 P - a ring of magical power
 U - a ring of wizardry
 Z - a ring of magical power
Wands
 l - a wand of flame (79)
 m - a wand of mindburst (21)
 s - a wand of paralysis (17)
 A - a wand of polymorph (13)
 D - a wand of iceblast (18)
 F - a wand of digging (25)
 N - a wand of quicksilver (11)
Scrolls
 a - 4 scrolls of enchant weapon
 e - 3 scrolls of enchant armour
 i - 3 scrolls of blinking
 j - 3 scrolls of torment
 o - a scroll of silence
 t - a scroll of acquirement
 u - a scroll of summoning
 v - 6 scrolls of immolation
 x - a scroll of amnesia
 z - 3 scrolls of teleportation
 B - 2 scrolls of vulnerability
 G - a scroll of poison
Potions
 c - 4 potions of heal wounds
 d - 10 potions of brilliance
 f - 4 potions of lignification
 g - 5 potions of attraction
 h - 10 potions of curing
 k - a potion of berserk rage
 n - 2 potions of resistance
 p - 5 potions of mutation
 q - 11 potions of ambrosia
 w - 6 potions of might
 T - a potion of cancellation


   Skills:
 - Level 17.4 Fighting
 + Level 5.4 Armour
 - Level 19.0 Dodging
 - Level 2.0 Stealth
 + Level 9.9 Shields
 - Level 10.6 Spellcasting
 + Level 16.8 Summonings


You had 12 spell levels left.
You knew the following spells:

 Your Spells              Type           Power      Damage    Failure   Level
a - Summon Small Mammal   Summ           100%       N/A       0%          1
b - Call Imp              Summ           88%        N/A       0%          2
c - Call Canine Familiar  Summ           88%        N/A       0%          3
d - Summon Guardian Gole  Hex/Summ       62%        N/A       1%          3
e - Summon Lightning Spi  Summ/Air       62%        N/A       1%          4
f - Summon Forest         Summ/Tloc      31%        N/A       3%          5
i - Summon Hydra          Summ           44%        N/A       3%          7

Your spell library contained the following spells:

 Spells                   Type           Power      Damage    Failure   Level
 Animate Armour           Summ/Erth      100%       N/A       1%          4
 Summon Ice Beast         Ice/Summ       62%        N/A       1%          4
 Beastly Appendage        Tmut           32%        N/A       3%          1
 Kiss of Death            Conj/Necr      64%        2d10      3%          1
 Magic Dart               Conj           64%        1d6       3%          1
 Sting                    Tmut/Pois      64%        1d6       3%          1
 Cigotuvi's Dreadful Rot  Necr/Pois/Air  32%        N/A       5%          2
 Ensorcelled Hibernation  Hex/Ice        32%        N/A       5%          2
 Passwall                 Tmut/Erth      13%        N/A       5%          2
 Poisonous Vapours        Pois/Air       32%        N/A       5%          2
 Searing Ray              Conj           32%        2d5       5%          2
 Wereblood                Tmut           16%        N/A       5%          2
 Confusing Touch          Hex            16%        N/A       11%         3
 Dazzling Flash           Conj/Hex       32%        N/A       11%         3
 Frozen Ramparts          Ice            32%        1d5       11%         3
 Mephitic Cloud           Conj/Pois/Air  16%        N/A       11%         3
 Ozocubu's Armour         Ice            16%        N/A       11%         3
 Portal Projectile        Hex/Tloc       32%        N/A       11%         3
 Spider Form              Tmut/Pois      16%        N/A       11%         3
 Tukima's Dance           Hex            16%        N/A       11%         3
 Vhi's Electric Charge    Tloc/Air       32%        N/A       11%         3
 Anguish                  Hex/Necr       8%         N/A       36%         4
 Dispel Undead            Necr           16%        3d10      36%         4
 Fulminant Prism          Conj/Hex       8%         3d7       36%         4
 Ice Form                 Ice/Tmut       16%        N/A       36%         4
 Olgreb's Toxic Radiance  Pois           16%        N/A       36%         4
 Petrify                  Tmut/Erth      16%        N/A       36%         4
 Spellforged Servitor     Conj/Summ      31%        N/A       69%         7
 Arcjolt                  Conj/Air       8%         1d18      71%         5
 Blade Hands              Tmut           8%         N/A       71%         5
 Irradiate                Conj/Tmut      8%         3d14      71%         5
 Iskenderun's Battlesphe  Conj           16%        2d7       71%         5
 Metabolic Englaciation   Hex/Ice        8%         N/A       71%         5
 Iron Shot                Conj/Erth      8%         9d3       99%         6
 Statue Form              Tmut/Erth      10%        N/A       99%         6
 Ozocubu's Refrigeration  Ice            8%         4d9       100%        7
 Maxwell's Capacitive Co  Air            8%         ∞         100%        8
 Polar Vortex             Ice            8%         N/A       100%        9
 Simulacrum               Ice/Necr       Unusable   N/A       N/A         6

Dungeon Overview and Level Annotations

Branches:
Dungeon (15/15)            Temple (1/1) D:4            Lair (5/5) D:10
 Shoals (1/4) Lair:3        Snake (3/4) Lair:3        Slime (0/5) Lair:5
    Orc (2/2) D:12            Elf (0/3) Orc:2        Vaults (0/5) D:13
 Depths (0/4) D:15        Gauntlet (visited)

Altars:
Dithmenos
Elyvilon
Gozag
Hepliaklqana
Kikubaaqudgha
Makhleb
Okawaru
Qazlal
Ru
Sif Muna
Uskayaw
Xom
Zin
The Shining One
Jiyva
Lugonu

Shops:
D:2 ?   D:8 *   D:9 ?*   D:14 [   Orc:2 *(=[   Lair:1 (=[?:=:   Shoals:1 =

Portals:
Abyss: Lair:5

Annotations:
Lair:3 3 runed translucent doors, cforsyth's ghost, journeyman TeSu


Innate Abilities, Weirdness & Mutations

You have a beak for a mouth.
You have claws for feet.
Your magical nature lets you fly swiftly and evasively.


Message History

The fiery explosion engulfs the manticore!!
The manticore dies!
Your warg is engulfed in blazing flames.
Your warg scratches its ear.
You hear a screech! x2
Your warg is engulfed in blazing flames.
Your warg dies!
Your warg's corpse disappears in a puff of smoke!
You carefully extract the barbed spikes from your body.
Your dryad looks at you.
Your dryad draws upon the vitality of nature.
Your dryad is healed somewhat.
Your lightning spire disappears in a puff of smoke!
Space becomes stable.
Your dryad disappears in a puff of smoke!
HP restored.
You now have 1961 gold pieces (gained 15).
You see here a +0 shortbow.
You now have 1977 gold pieces (gained 16).
You now have 1992 gold pieces (gained 15).
You see here a +0 shortbow.
You now have 2003 gold pieces (gained 11).
q - 11 potions of ambrosia (gained 1)
You see here a +0 shortbow.
A water nymph comes into view.
The water nymph shouts!
The water nymph casts a spell at you. The water rises up and strikes you!!
The water nymph touches you. The water nymph drowns you!
The water nymph gestures at you while chanting.
The water rises up and strikes you!! The water nymph casts a spell at you.
The water rises up and strikes you! The water nymph casts a spell at you.
The water rises up and strikes you!!
* * * LOW HITPOINT WARNING * * *
The water nymph gestures at you while chanting.
The water rises up and strikes you!!
You die...
Your body crumbles into a pile of gold.

≈≈≈≈≈≈≈≈≈≈≈≈≈≈≈≈≈≈≈≈≈≈≈≈≈≈≈≈≈≈≈≈≈
≈≈≈≈≈≈~~~~~~≈≈≈≈≈≈≈≈≈≈≈≈≈≈≈≈≈≈≈≈≈
≈≈≈≈~~~~~~~~~~~≈≈≈≈≈≈≈≈≈≈≈≈≈≈≈≈≈≈
≈≈≈≈~..~~~.~~~~~≈≈~~~≈≈≈≈≈≈≈≈≈≈≈≈
~≈≈~~.[.~...~.~~≈≈~~~≈≈≈≈≈≈≈≈≈≈≈≈
~~~~~.(..)...~~~~~~~~≈≈≈≈≈≈≈≈≈≈≈≈
~~~...)......~~~~~~~≈m≈≈≈≈≈≈≈≈≈≈≈
......)...~...~~~~~~~≈≈≈≈≈≈≈≈≈≈≈≈
.....###........@~~~≈≈≈≈≈≈≈≈≈≈≈≈≈
.....# ##..##...~P~≈≈≈≈≈≈≈≈≈≈≈≈≈≈
....## #...###..~~~≈≈≈≈≈≈≈≈≈≈≈≈≈≈
...## #....~~.P..PP~≈≈≈≈≈≈≈≈≈≈≈≈≈
..## .......~.##..~~~≈≈≈≈≈≈≈≈≈≈≈≈
..# ...~~~~....#..P~P≈≈≈≈≈≈≈≈≈≈≈≈
..# .~.~~~~..~~..~~~~≈≈≈≈≈≈≈≈≈≈≈≈
.....~.~.~~~.~~≈≈≈≈≈≈≈≈≈≈≈≈≈≈≈≈≈≈
........~~~~~~~~~≈≈≈≈≈≈≈≈≈≈≈≈≈≈≈≈


You could see a water nymph.

Vanquished Creatures
  An anaconda (Snake:2)
  A boulder beetle (D:15)
  A naga warrior (Snake:3)
  An orc high priest (Orc:2)
  An orc knight (Orc:2)
  A deep elf pyromancer (D:13)
  An ugly thing (D:13)
  A manticore (Shoals:1)
  An elephant (Lair:5)
  A black mamba (Snake:3)
  A cane toad (Lair:2)
  A komodo dragon (Lair:4)
  A rime drake (Lair:2)
  A troll (D:13)
  A merfolk (Shoals:1)
  2 blink frogs
  A wraith (D:13)
  A wyvern (Lair:3)
  A fire elemental (D:15)
  2 yaks
  A basilisk (Lair:5)
  A naga (Snake:1)
  3 nameless horrors
  An orc warrior (Orc:2)
  An ogre (Orc:2)
  4 centaurs
  3 killer bees (Lair:2)
  A jelly (D:7)
  An orc wizard (Orc:1)
  A gnoll (D:9)
  A worm (D:2)
  6 orcs
  A ball python (D:1)
  A bat (D:1)
  A giant cockroach (Temple)
  A goblin (D:1)
  A hobgoblin (D:2)
  2 quokkas (D:1)
  A frilled lizard (D:2)
  A rat (D:1)
55 creatures vanquished.

Vanquished Creatures (collateral kills)
  Vashnia (Snake:2)
  Nikola (Shoals:1)
  Rupert (D:15)
  The ghost of cheesebisquit the Executioner, an adept MiBe of Trog (Snake:2)
  Gastronok (Lair:2)
  Roxanne (D:15)
  2 nagarajas (Snake:2)
  Aizul (Snake:2)
  A dire elephant (Gauntlet)
  Azrael (D:15)
  A minotaur (Gauntlet)
  An ettin (D:15)
  Josephine (D:15)
  3 hydras
  Erica (D:9)
  5 vault guards (D:13)
  3 centaur warriors
  An alligator snapping turtle (Shoals:1)
  6 anacondas
  A boulder beetle (D:14)
  3 two-headed ogres
  Urug (Lair:4)
  3 tengu warriors
  5 death yaks (Lair:3)
  8 naga warriors
  4 thrashing horrors (Lair:5)
  12 naga sharpshooters
  5 shock serpents
  4 orc high priests
  A hell knight (D:15)
  Amaemon (Lair:3)
  Sonja (Lair:1)
  A fire crab (shapeshifter) (D:13)
  7 sea snakes
  2 naga ritualists
  A deep troll (D:15)
  A wizard (D:15)
  5 orc knights
  2 orc sorcerers (Orc:2)
  2 deep elf pyromancers
  3 fauns (Shoals:1)
  13 ugly things
  4 mana vipers
  14 salamanders
  3 manticores
  5 cyclopes
  5 merfolk sirens
  14 elephants
  4 guardian serpents
  A black mamba (shapeshifter) (Lair:5)
  4 slime creatures
  13 black mambas
  2 smoke demons (Lair:5)
  7 naga magi
  8 rime drakes
  A torpor snail (Lair:3)
  6 cane toads
  Maggie (D:7)
  An unseen horror (D:10)
  An unseen horror (shapeshifter) (D:14)
  A rime drake (shapeshifter) (Lair:5)
  A freezing wraith (D:15)
  4 yaktaurs (D:14)
  An ancient zyme (Lair:5)
  3 tengu conjurers
  5 komodo dragons
  2 trolls
  4 merfolk
  2 polar bears (Lair:4)
  A meliai (shapeshifter) (Lair:5)
  2 hornets (Gauntlet)
  29 blink frogs
  2 snapping turtles (Shoals:1)
  4 dream sheep (Shoals:1)
  A dream sheep (shapeshifter) (Lair:5)
  4 shadows (Gauntlet)
  A spriggan (Lair:5)
  27 yaks
  A centaur simulacrum (D:15)
  Sigmund (D:6)
  9 wyverns
  3 wraiths (D:15)
  3 fire elementals (D:15)
  A steam dragon (D:7)
  11 basilisks
  A chaos spawn (Lair:5)
  9 vampire mosquitoes
  6 wargs
  Menkaure (D:6)
  12 small abominations (Lair:5)
  25 nagas
  2 acid dragons
  4 large abominations (Lair:5)
  12 water moccasins
  3 hell hounds (D:15)
  2 sky beasts
  5 black bears
  3 ice beasts
  22 orc warriors
  6 ogres
  6 wolves (Lair:4)
  14 centaurs
  A phantom (D:6)
  A kobold brigand (D:10)
  3 gnoll sergeants
  2 necrophages
  A scorpion (D:4)
  7 bullfrogs
  6 wights
  25 killer bees
  4 howler monkeys
  8 nameless horrors
  5 electric eels
  14 orc priests
  5 hounds
  4 jellies
  Jessica (D:3)
  3 gnoll boudas (D:7)
  2 iguanas (D:4)
  Terence (D:2)
  27 orc wizards
  25 gnolls
  3 adders
  A shadow imp (D:7)
  2 white imps (D:7)
  3 ufetubi
  2 worms
  A dart slug (D:4)
  60 orcs
  4 endoplasms
  A giant cockroach (D:4)
  7 goblins
  5 hobgoblins
  7 kobolds
  2 quokkas (D:1)
  8 ball pythons
  4 bats
  5 frilled lizards (D:2)
  5 rats
734 creatures vanquished.

Vanquished Creatures (others)
  Agnes (Snake:1)
  An orc warlord (Orc:2)
  3 vault guards (D:13)
  A two-headed ogre (D:7)
  An anaconda (Snake:1)
  A death yak (Lair:3)
  A sea snake (Snake:1)
  A salamander (Snake:2)
  3 ugly things (D:14)
  A faun (Shoals:1)
  2 cyclopes
  5 elephants
  4 manticores
  2 black mambas (Snake:1)
  An orange demon (Lair:3)
  2 cane toads (Lair:2)
  A komodo dragon (Lair:3)
  A kobold demonologist (D:11)
  A queen bee (Lair:2)
  A troll (D:12)
  A snapping turtle (Shoals:1)
  A shadow (D:12)
  A wraith (D:7)
  16 yaks
  A basilisk (Lair:2)
  4 vampire mosquitoes
  A warg (D:12)
  A naga (Snake:3)
  4 water moccasins
  4 orc warriors
  An ogre (Orc:1)
  4 centaurs
  2 bullfrogs
  2 gnoll sergeants
  5 wights
  6 killer bees
  Crazy Yiuf (D:6)
  An orc priest (Orc:1)
  5 gnolls (D:10)
  A bush (Lair:3)
  2 demonic plants (Gauntlet)
  68 fungi
  173 plants
  19 snaplasher vines
  3 withered plants
361 creatures vanquished.

Grand Total: 1150 creatures vanquished

Notes
Turn   | Place    | Note
-------+----------+-------------------------------------------
     0 | D:1      | cforsyth the Tengu Summoner began the quest for the Orb.
     0 | D:1      | Reached XP level 1. HP: 10/10 MP: 4/4
   289 | D:1      | Reached skill level 5 in Summonings
   327 | D:1      | Reached XP level 2. HP: 10/15 MP: 3/6
   330 | D:1      | Learned a level 2 spell: Call Imp
  1054 | D:2      | Reached XP level 3. HP: 19/19 MP: 2/7
  1058 | D:2      | Learned a level 3 spell: Call Canine Familiar
  1267 | D:2      | Found a stormy altar of Qazlal.
  1394 | D:2      | Found Ruris's Magic Scroll Emporium.
  1630 | D:2      | Noticed Terence
  1651 | D:2      | Noticed a nameless horror
  1749 | D:1      | Killed a nameless horror
  2034 | D:2      | Killed Terence
  2035 | D:2      | Reached XP level 4. HP: 24/24 MP: 1/9
  2644 | D:3      | Noticed Jessica
  2649 | D:3      | Killed Jessica
  2784 | D:3      | Noticed a water moccasin
  3033 | D:3      | Found a burning altar of Makhleb.
  3051 | D:3      | Found a glowing silver altar of Zin.
  3051 | D:3      | Noticed an angel
  3051 | D:3      | Noticed a balrug
  3130 | D:3      | Gained mutation: Your magical nature lets you fly swiftly
                  | and evasively. [Tengu growth]
  3130 | D:3      | Reached XP level 5. HP: 28/28 MP: 11/11
  3152 | D:3      | Found an ancient bone altar of Kikubaaqudgha.
  3201 | D:3      | Learned a level 3 spell: Summon Guardian Golem
  3223 | D:3      | Killed a water moccasin
  3224 | D:3      | Reached XP level 6. HP: 32/32 MP: 4/13
  3492 | D:3      | Learned a level 4 spell: Summon Lightning Spire
  3932 | D:4      | Found a staircase to the Ecumenical Temple.
  3941 | Temple   | Entered the Ecumenical Temple
  3949 | Temple   | Became a worshipper of Gozag Ym Sagoz the Greedy
  4449 | D:4      | Reached skill level 5 in Spellcasting
  4449 | D:4      | Reached XP level 7. HP: 36/36 MP: 8/15
  5219 | D:5      | Entered Level 5 of the Dungeon
  5455 | D:5      | Reached XP level 8. HP: 33/41 MP: 12/18
  5626 | D:5      | Noticed a yak
  5632 | D:5      | Noticed a yak
  5633 | D:5      | Noticed a yak
  5636 | D:5      | Noticed a yak
  5637 | D:5      | Noticed a yak
  5638 | D:5      | Noticed a yak
  5645 | D:5      | Killed a yak
  5659 | D:5      | Killed a yak
  5669 | D:5      | Killed a yak
  5680 | D:5      | Killed a yak
  5681 | D:5      | Reached skill level 10 in Summonings
  5688 | D:5      | Killed a yak
  5709 | D:5      | Killed a yak
  5710 | D:5      | Reached XP level 9. HP: 45/45 MP: 2/21
  5944 | D:5      | Found a hide-covered altar of Uskayaw.
  6214 | D:5      | Found a stormy altar of Qazlal.
  6907 | D:6      | Found an iron altar of Okawaru.
  7157 | D:6      | Noticed Menkaure
  7430 | D:6      | Killed Menkaure
  7531 | D:6      | Noticed Sigmund
  7536 | D:6      | Killed Sigmund
  7807 | D:6      | Found a runed translucent door.
  7808 | D:6      | Noticed Crazy Yiuf
  8116 | D:6      | Killed Crazy Yiuf
  8492 | D:7      | Reached XP level 10. HP: 19/50 MP: 16/24
  8701 | D:7      | Identified the ring "Pigosh" {Fire Contam rElec Will+}
  8876 | D:7      | Noticed a manticore
  8876 | D:7      | Noticed a two-headed ogre
  8887 | D:7      | Killed a manticore
  8897 | D:7      | Killed a two-headed ogre
  8898 | D:7      | Reached skill level 10 in Spellcasting
  9438 | D:7      | Noticed Maggie
  9478 | D:7      | Killed Maggie
  9718 | D:7      | Noticed a manticore
  9739 | D:7      | Killed a manticore
 10666 | D:8      | Reached skill level 1 in Fighting
 10701 | D:8      | Found a shadowy altar of Dithmenos.
 10757 | D:8      | Reached skill level 3 in Dodging
 10813 | D:8      | Identified the +4 trident of the Bursting Pariah {freeze,
                  | Drain Fly Int+8 Dex-3}
 10854 | D:8      | Reached XP level 11. HP: 50/57 MP: 18/26
 10992 | D:8      | Reached skill level 4 in Dodging
 11293 | D:8      | Found Vuogedda's Assorted Antiques.
 11336 | D:8      | Bought a scroll labelled YTHRIO LUULUHUMN for 22 gold
                  | pieces
 11827 | D:9      | Found Sootohirch's Magic Scroll Emporium.
 12169 | D:9      | Found Quplo's Assorted Antiques.
 12173 | D:9      | Bought a scroll labelled XIROIG RESS for 29 gold pieces
 12173 | D:9      | Bought a scroll labelled DUDWONO HAURO for 29 gold pieces
 12186 | D:9      | Noticed Erica
 12215 | D:9      | Killed Erica
 12216 | D:9      | Reached skill level 5 in Dodging
 12582 | D:9      | Bought a scroll of blinking for 105 gold pieces
 12722 | D:9      | Found a hazy altar of Hepliaklqana.
 13209 | D:10     | Entered Level 10 of the Dungeon
 13770 | D:10     | Found a white marble altar of Elyvilon.
 13840 | D:10     | Found a staircase to the Lair.
 14024 | D:10     | Reached skill level 5 in Fighting
 14024 | D:10     | Reached skill level 6 in Dodging
 15061 | D:11     | Noticed a two-headed ogre
 15073 | D:11     | Killed a two-headed ogre
 15163 | D:11     | Reached skill level 7 in Dodging
 15622 | D:11     | Noticed a manticore
 15918 | D:11     | Noticed a two-headed ogre
 15932 | D:11     | Killed a two-headed ogre
 16454 | D:12     | Found a staircase to the Orcish Mines.
 16467 | D:12     | Reached skill level 8 in Dodging
 16920 | D:12     | Reached XP level 12. HP: 72/72 MP: 17/27
 16998 | D:12     | Identified the +7 battleaxe of Mutilation {speed, rPois
                  | Str+2 Stlth+}
 17443 | D:12     | Reached skill level 9 in Dodging
 18154 | Lair:1   | Entered Level 1 of the Lair of Beasts
 18638 | Lair:1   | Noticed Sonja
 18669 | Lair:1   | Killed Sonja
 19232 | Lair:2   | Identified the +0 short sword "Udoc" {freeze, rElec rCorr
                  | Stlth+}
 19246 | Lair:2   | Noticed Gastronok
 19258 | Lair:2   | Killed Gastronok
 19259 | Lair:2   | Reached skill level 10 in Dodging
 19464 | Lair:2   | Identified the +6 short sword of Darkness {holy, rCorr
                  | Int-3 Dex+3}
 19563 | Lair:2   | Reached skill level 11 in Dodging
 19577 | Lair:2   | Reached skill level 10 in Fighting
 19587 | Lair:2   | Reached XP level 13. HP: 69/82 MP: 7/28
 19975 | Lair:2   | Reached skill level 12 in Dodging
 20807 | Lair:2   | Got the Quarto of the Snowflakes and Toxins
 21362 | D:2      | Bought a scroll of acquirement for 572 gold pieces
 21362 | D:2      | Acquired cforsyth's Guide on Entrancing Beckoning
 21370 | D:2      | Learned a level 5 spell: Summon Forest
 21599 | Lair:3   | Learned a level 7 spell: Summon Hydra
 21699 | Lair:3   | Found a staircase to the Snake Pit.
 21972 | Lair:3   | Reached skill level 13 in Dodging
 22317 | Lair:3   | Noticed Amaemon
 22336 | Lair:3   | Killed Amaemon
 22717 | Lair:3   | Found a staircase to the Shoals.
 22780 | Lair:3   | Found a runed translucent gate.
 22781 | Lair:3   | Found a runed translucent gate.
 22781 | Lair:3   | Found a runed translucent gate.
 22781 | Lair:3   | Noticed cforsyth's ghost (journeyman TeSu)
 22786 | Lair:3   | Found a viscous altar of Jiyva.
 24033 | Lair:4   | Reached XP level 14. HP: 76/92 MP: 20/29
 24116 | Lair:4   | Reached skill level 14 in Dodging
 24458 | Lair:4   | Noticed Urug
 24470 | Lair:4   | Killed Urug
 25497 | Lair:4   | Reached skill level 15 in Dodging
 25672 | Lair:5   | Entered Level 5 of the Lair of Beasts
 26125 | Lair:5   | Found a staircase to the Slime Pits.
 26125 | Lair:5   | Found a viscous altar of Jiyva.
 26147 | Lair:5   | HP: 4/95 [nameless horror[miscasting Summon Hydra] (14)]
 26156 | Lair:5   | HP: 1/95 [nameless horror[miscasting Summon Hydra] (16)]
 28515 | Lair:5   | Identified the +6 arbalest of Jogor {freeze, rElec Str+2}
 28677 | Lair:5   | Reached skill level 16 in Dodging
 28697 | Lair:5   | Reached XP level 15. HP: 80/101 MP: 14/30
 28989 | Lair:5   | Found a corrupted altar of Lugonu.
 28989 | Lair:5   | Found a one-way gate to the infinite horrors of the Abyss.
 29338 | Orc:1    | Entered Level 1 of the Orcish Mines
 29925 | Orc:1    | Reached skill level 15 in Fighting
 30283 | Orc:2    | Entered Level 2 of the Orcish Mines
 30307 | Orc:2    | Found Xeudghini's Jewellery Emporium.
 30334 | Orc:2    | Found Comaef's Antique Armour Shoppe.
 30334 | Orc:2    | Noticed an orc warlord
 30393 | Orc:2    | Killed an orc warlord
 30426 | Orc:2    | Found a gate leading to a gauntlet.
 30435 | Gauntlet | Entered a Gauntlet
 30435 | Gauntlet | Found a transporter.
 30435 | Gauntlet | Found a transporter.
 30651 | Gauntlet | Found a transporter.
 30666 | Gauntlet | Found a runed translucent door.
 30669 | Gauntlet | Found a transporter.
 30669 | Gauntlet | Found a transporter.
 30672 | Gauntlet | Found a transporter.
 30672 | Gauntlet | Found a transporter.
 30684 | Gauntlet | Found a transporter.
 30702 | Gauntlet | Found a transporter.
 30712 | Gauntlet | Found a transporter.
 30712 | Gauntlet | Noticed a balrug
 30727 | Gauntlet | Found a transporter.
 30747 | Gauntlet | Found a transporter.
 30747 | Gauntlet | Found a transporter.
 30874 | Gauntlet | Found a transporter.
 31072 | Gauntlet | Identified the +3 helmet "Qit Ucoz" {Rampage rF- rN+}
 31592 | Orc:2    | Reached skill level 17 in Dodging
 31909 | Orc:2    | Found a staircase to the Elven Halls.
 31987 | Orc:2    | Found Beapnaa's General Store.
 32097 | Orc:2    | Found Paissag's Antique Weapon Emporium.
 32714 | D:13     | Acquired the +3 hat of Jigsaw {rF+ MP+9}
 33253 | D:13     | Found a gate to the Vaults.
 33598 | D:13     | Acquired the ring of the Shining Light {rElec rPois Slay+2
                  | SInv}
 35068 | D:14     | Found Eboisyrph's Armour Shoppe.
 35102 | D:14     | Reached skill level 18 in Dodging
 35114 | D:14     | Reached XP level 16. HP: 73/111 MP: 28/31
 36170 | D:15     | Entered Level 15 of the Dungeon
 36539 | D:15     | Noticed Azrael
 36557 | D:15     | Killed Azrael
 36655 | D:15     | Found a staircase to the Depths.
 36742 | D:15     | Noticed Rupert
 36754 | D:15     | Killed Rupert
 36983 | D:15     | Noticed Josephine
 36996 | D:15     | Killed Josephine
 37163 | D:15     | Identified Roxanne's Codex of Shapes
 37163 | D:15     | Noticed Roxanne
 37600 | D:15     | Killed Roxanne
 37601 | D:15     | Reached skill level 19 in Dodging
 38010 | Snake:1  | Entered Level 1 of the Snake Pit
 38200 | Snake:1  | Reached skill level 1 in Shields
 39014 | Snake:1  | Reached skill level 5 in Shields
 39934 | Lair:1   | Bought a +2 buckler of poison resistance for 240 gold
                  | pieces
 39991 | Snake:2  | Noticed Vashnia
 40435 | Snake:2  | Noticed Agnes
 40448 | Snake:1  | Killed Agnes
 41216 | Snake:2  | Found a runed translucent door.
 41230 | Snake:2  | Reached XP level 17. HP: 96/118 MP: 14/32
 41276 | Snake:2  | Reached skill level 15 in Summonings
 42102 | Snake:2  | Killed Vashnia
 42285 | Snake:2  | Identified the +3 ring mail of the Ant {Drain Int+3}
 42353 | Snake:2  | Noticed Aizul
 42720 | Snake:2  | Killed Aizul
 43035 | Snake:2  | Noticed cheesebisquit's ghost (adept MiBe)
 43561 | Snake:2  | Killed cheesebisquit's ghost
 43800 | Snake:2  | Identified the +14 chain mail "Taixt" {rC++ Str+8 Dex-2
                  | Stlth-}
 43873 | Snake:2  | Reached skill level 1 in Armour
 46993 | Shoals:1 | Entered Level 1 of the Shoals
 47226 | Shoals:1 | Noticed Nikola
 47251 | Shoals:1 | Killed Nikola
 47835 | Shoals:1 | Reached skill level 5 in Armour
 47895 | Shoals:1 | Identified the +1 robe "Adiwn" {Rampage rF+ Stlth+}
 48180 | Shoals:1 | Found Ycurchepn's Jewellery Emporium.
 48626 | Shoals:1 | Killed from afar by a water nymph

Illustrated notes

Levels and vault maps discovered:
D:1:      heliophobic_arrival_enchanted_forest, layout_basic,
          wad_floor_pattern_untrapped
D:2:      layout_loops_ring, basic_altar, serial_shops, shop,
          minmay_misc_feat_plants, glass_columns_b, uniq_terence
D:3:      layout_loops_ring, nicolae_overflow_crystal_walls,
          grunt_temple_overflow_order_and_chaos_2, chequers_garden, uniq_jessica
D:4:      cheibrodos_helix_gallery, layout_basic, minmay_temple_entry_tees
D:5:      layout_loops_ring, kennysheep_little_box,
          mainiacjoe_overflow_24_doors, roderic_lattice_a,
          chequers_serial_rivers_large_a
D:6:      layout_loops_cross, okawaru_gym_becter, uniq_crazy_yiuf_cottage,
          uniq_menkaure, uniq_sigmund
D:7:      layout_basic, corexii_checkpoint_a, roderic_serpentine_path,
          minmay_shattered_shrine, uniq_maggie
D:8:      nicolae_cairo_tiling_large_dashed, layout_cave_pools,
          marbit_many_paths, serial_shops, nicolae_shop_statue_plus
D:9:      layout_cave_pools, nicolae_hepliaklqana_hippocampus, serial_glass,
          glass_columns_a, glass_columns_b, serial_shops,
          nicolae_shop_temple_entry_statues_fountains, shop, grunt_ministairs_8,
          uniq_erica
D:10:     layout_basic, overflow_temple_1_default, david_lair_shrubbed
D:11:     layout_layer_cave
D:12:     layout_basic, minmay_orc_entry_guard_dogs
D:13:     layout_basic, erik_vaults_2
D:14:     layout_rooms, minmay_misc_feat_four_crosses, serial_shops, shop,
          ebering_dispersal_statue_hall, st_stairs_8, bh_walls_and_bars
D:15:     hangedman_depths_entry_civil_slaughter, layout_loops_cross,
          uniq_azrael, uniq_rupert, uniq_josephine, uniq_roxanne
Temple:   nicolae_temple_bog_church
Lair:1:   layout_regular_city, nicolae_quartered_pool_impasse,
          columned_hall_lemuel, beast_lair_carwin_5, uniq_sonja
Lair:2:   regret_index_wax_grids, layout_long_grid, uniq_gastronok
Lair:3:   layout_loops_ring, elwin_shoals_entry_stream,
          minmay_snake_entry_spellcaster, gammafunk_ghost_ooze,
          serial_bayou_lagoon_b, uniq_amaemon
Lair:4:   layout_long_grid, lemuel_fruit_tree, infiniplex_staircase_pool,
          grunt_megastairs_3, lemuel_fruit_fields, uniq_urug
Lair:5:   hellmonk_lair_end_abyssal_woods, layout_loops_ring, slime_entry_1,
          minivault_26, minivault_24
Shoals:1: nicolae_shoals_island_circles, layout_shoals, serial_shops,
          nicolae_shop_stone, nicolae_shoals_shepherds, uniq_nikola
Snake:1:  layout_grid_maze, nicolae_snake_springs, grunt_megastairs_2
Snake:2:  layout_misc_corridors, gammafunk_ghost_grave, grunt_ministairs_6,
          nicolae_snake_bzzzt, uniq_aizul, uniq_vashnia, uniq_agnes
Snake:3:  layout_onion_interference
Orc:1:    layout_caves
Orc:2:    grunt_orc_gardens, layout_caves, grunt_orc_garden, grunt_orc_garden,
          grunt_orc_garden, grunt_orc_garden, basic_altar,
          gauntlet_entry_generic

Skill      XL: |  1  2  3  4  5  6  7  8  9 10 11 12 13 14 15 16 17 |
---------------+----------------------------------------------------+-----
Summonings     | 5 6 7 8 10 12 14 16 | 16.8
Spellcasting   | 3 4 5 6 7 9 10 | 10.6
Fighting       | 1 7 10 12 14 16 17 | 17.4
Dodging        | 3 8 11 13 16 18 19 | 19.0
Shields        | 7 9 |  9.9
Armour         | 5 |  5.4
Stealth        | |  2.0

Action                     |  1- 3 |  4- 6 |  7- 9 | 10-12 | 13-15 | 16-18 || total
---------------------------+-------+-------+-------+-------+-------+-------++-------
  Melee: Unarmed           |    29 |    24 |    30 |    13 |       |       ||    96
         Kick              |     9 |     9 |    12 |    14 |    92 |    32 ||   168
         Peck              |     5 |     3 |     7 |    10 |    54 |    22 ||   101
         Punch             |       |     1 |     2 |       |     1 |     1 ||     5
         Trident           |       |       |       |    48 |   205 |    66 ||   319
   Cast: Summon Small Mamm |    34 |    12 |    28 |    55 |    19 |     2 ||   150
         Call Imp          |    18 |     9 |    14 |    25 |    10 |     2 ||    78
         Call Canine Famil |     6 |    19 |    27 |    64 |    83 |    43 ||   242
         Summon Guardian G |       |     1 |    10 |    63 |    84 |    46 ||   204
         Summon Lightning  |       |       |     3 |    51 |    74 |    43 ||   171
         Summon Hydra      |       |       |       |       |    78 |   133 ||   211
         Summon Forest     |       |       |       |       |    30 |    52 ||    82
 Invoke: Call Merchant     |       |       |       |     2 |     2 |     3 ||     7
  Evoke: Wand              |       |       |       |       |     5 |       ||     5
    Use: Scroll            |       |       |    10 |    19 |     8 |     7 ||    44
         Potion            |       |       |       |     3 |     5 |    11 ||    19
   Stab: Distracted        |       |       |     1 |     2 |     5 |     2 ||    10
 Armour: Robe              |    12 |    11 |    11 |    43 |    73 |    41 ||   191
  Dodge: Dodged            |    44 |    68 |    62 |   185 |   392 |   294 ||  1045
  Block: Buckler           |       |       |       |       |       |    79 ||    79

Table legend: (Time is in decaauts)
 A = Elapsed time spent in this place.
 B = Non-inter-level travel time spent in this place.
 C = Inter-level travel time spent in this place.
 D = Time resting spent in this place.
 E = Time spent auto-exploring this place.
 F = Levels seen in this place.
 G = Mean time per level.
                   A        B        C        D        E       F      G
               +--------+--------+--------+--------+--------+-----+--------+
         Total |  46946 |  45176 |   1770 |  12431 |  23883 |  28 | 1676.6 |
       Dungeon |  23751 |  22628 |   1123 |   5596 |  12615 |  15 | 1583.4 |
        Temple |     22 |     16 |      6 |      0 |      0 |   1 |   22.0 |
          Lair |  10751 |  10290 |    461 |   1976 |   6250 |   5 | 2150.2 |
        Shoals |   1460 |   1460 |      0 |    171 |    880 |   1 | 1460.0 |
     Snake Pit |   8335 |   8182 |    153 |   4194 |   2845 |   3 | 2778.3 |
  Orcish Mines |   1581 |   1556 |     25 |      0 |   1127 |   2 |  790.5 |
      Gauntlet |   1043 |   1043 |      0 |    492 |    163 |   1 | 1043.0 |
               +--------+--------+--------+--------+--------+-----+--------+

Top non-repeatable levels by time:
 Snake:1: 3769 daAuts
  Lair:5: 3447 daAuts
 Snake:2: 3017 daAuts
  Lair:3: 2346 daAuts
    D:13: 2223 daAuts
  Lair:2: 2165 daAuts
     D:7: 2139 daAuts
    D:12: 2006 daAuts
    D:10: 1983 daAuts
     D:5: 1737 daAuts
  Lair:4: 1630 daAuts
    D:15: 1616 daAuts
    D:11: 1570 daAuts
 Snake:3: 1548 daAuts
Shoals:1: 1460 daAuts
